 Dungeon Crawl Stone Soup version 0.31-a0-210-gccc998df9b (webtiles) character file.

Game seed: 15476300367812896262

64 qw the Shooter (level 3, -10/27 (30) HPs)
             Began as a Minotaur Hexslinger on June 29, 2023.
             Mangled by a wight
             ... wielding a +0 great sword
              (16 damage)
             ... on level 3 of the Dungeon.
             The game lasted 00:00:25 (1306 turns).

qw the Shooter (Minotaur Hexslinger)                Turns: 1306, Time: 00:00:25

HP:   -10/27 (30)   AC:  2    Str: 12    XL:     3   Next: 91%
MP:   3/3           EV: 12    Int: 10    God:
Gold: 123           SH:  0    Dex: 14    Spells: 3/4 levels left

rFire   . . .        Y - +1 sling
rCold   . . .        (no shield)
rNeg    . . .        c - +0 robe
rPois   .            (helmet restricted)
rElec   .            (no cloak)
rCorr   .            (no gloves)
SInv    .            (no boots)
Will    .....        (no amulet)
Stlth   +            (no ring)
HPRegen 0.24/turn    (no ring)
MPRegen 0.08/turn

%: no passive effects
@: heavily drained
A: horns 2, retaliatory headbutt
a: no special abilities


You were on level 3 of the Dungeon.
You visited 1 branch of the dungeon, and saw 3 of its levels.

You collected 123 gold pieces.


Innate Abilities, Weirdness & Mutations

You have a pair of horns on your head.
You reflexively headbutt those who attack you in melee.


   Skills:
 - Level 2.5 Fighting
 + Level 4.2 Ranged Weapons
 - Level 2.1 Dodging
 - Level 1.0 Spellcasting
 - Level 2.0 Hexes


You had 3 spell levels left.
You knew the following spells:

 Your Spells              Type           Power      Damage    Failure   Level
a - Slow                  Hex            16%        N/A       16%         1

Your spell library contained the following spells:

 Spells                   Type           Power      Damage    Failure   Level
 Inner Flame              Hex/Fire       2%         N/A       56%         3
 Portal Projectile        Hex/Tloc       4%         N/A       56%         3
 Cause Fear               Hex            2%         N/A       83%         4

Inventory:

Hand Weapons
 Y - a +1 sling (weapon)
Armour
 b - a +1 robe of willpower
 c - a +0 robe (worn)
Potions
 a - a potion of magic {unknown}
 g - a potion of brilliance
 i - 2 potions of curing {unknown}

Dungeon Overview and Level Annotations

Branches:
Dungeon (3/15)

Altars:
Sif Muna
Vehumet


Message History

You shoot a sling bullet. The sling bullet hits the wight.
The wight is lightly damaged.
You shoot a sling bullet.
The sling bullet barely misses the wight.
You shoot a sling bullet.
The sling bullet hits the wight but does no damage.
The wight is lightly damaged.
You shoot a sling bullet.
The sling bullet closely misses the wight.
The wight closely misses you.
You shoot a sling bullet. The sling bullet hits the wight.
The wight is lightly damaged.
The wight closely misses you.
You shoot a sling bullet. The sling bullet hits the wight.
The wight is heavily damaged.
The wight hits you with a +0 great sword!
You feel drained.
You shoot a sling bullet. The sling bullet hits the wight.
The wight is heavily damaged.
The wight closely misses you. x2
You shoot a sling bullet.
The sling bullet hits the wight but does no damage.
The wight is heavily damaged.
The wight hits you with a +0 great sword!
You feel drained.
You shoot a sling bullet.
The sling bullet barely misses the wight.
The wight misses you.
You shoot a sling bullet.
The sling bullet hits the wight but does no damage.
The wight is heavily damaged.
The wight barely misses you.
You shoot a sling bullet.
The sling bullet closely misses the wight.
The wight barely misses you.
You shoot a sling bullet.
The sling bullet closely misses the wight.
The wight hits you with a +0 great sword!
Ouch! That really hurt!
You die...

#.#####.## ### #.# #...
.. #.## #.#. #.
########..###.##.
####.##.....#..........
##......%###....#.#####.
.........# #.#.#.## ##
.........###.##.##
#.####@.....# ## #
#z##.### #.##.# #.##.#
#.# .# #.# .# #.# .# #..
.. ###### #<....


You could see a wight.

Vanquished Creatures
  Jessica (D:3)
  An adder (D:2)
  A dart slug (D:3)
  4 endoplasms
  2 giant cockroaches
  2 goblins
  3 hobgoblins
  4 kobolds
  2 ball pythons
  3 bats
  A frilled lizard (D:1)
24 creatures vanquished.

Notes
Turn   | Place    | Note
-------+----------+-------------------------------------------
     0 | D:1      | qw the Minotaur Hexslinger began the quest for the Orb.
     0 | D:1      | Reached XP level 1. HP: 16/16 MP: 1/1
     0 | D:1      | 0 ||| qw: Version: 0.3-a-24-ga2abf7b
     0 | D:1      | 0 ||| qw: Game counter: 6863
     0 | D:1      | 0 ||| qw: Melee chars always use a shield: true
     0 | D:1      | 0 ||| qw: God list: Okawaru
     0 | D:1      | 0 ||| qw: Allow faded altars: false
     0 | D:1      | 0 ||| qw: Do Orc after clearing Dungeon:15 true
     0 | D:1      | 0 ||| qw: Do second Lair branch before Depths: true
     0 | D:1      | 0 ||| qw: Lair rune preference: random
     0 | D:1      | 0 ||| qw: Goals: Normal
     0 | D:1      | 0 ||| PLANNING D:1-11
   103 | D:1      | Found a faded altar of an unknown god.
   337 | D:1      | Reached skill level 3 in Ranged Weapons
   365 | D:1      | Reached XP level 2. HP: 23/23 MP: 2/2
   557 | D:1      | 557 ||| DROPPING ring of magical power.
   558 | D:1      | 558 ||| READING scroll labelled XYNESCH FUER FEG.
   559 | D:1      | 559 ||| READING scroll labelled IMAIQE OVVO.
   560 | D:1      | 560 ||| READING scroll labelled CIPECVISUHU.
   661 | D:1      | 661 ||| DROPPING scroll of poison.
   734 | D:2      | Found a radiant altar of Vehumet.
   837 | D:2      | 837 ||| STAIRDANCE
   922 | D:2      | Reached XP level 3. HP: 30/30 MP: 3/3
  1105 | D:2      | 1105 ||| READING scroll labelled ASOCIA RETZALYUQ.
  1170 | D:3      | Noticed Jessica
  1178 | D:3      | Killed Jessica
  1179 | D:3      | Reached skill level 4 in Ranged Weapons
  1186 | D:3      | Found a shimmering blue altar of Sif Muna.
  1293 | D:3      | Noticed a wight
  1302 | D:3      | HP: 6/29 [wight/+0 great sword (8)]
  1306 | D:3      | Mangled by a wight

Levels and vault maps discovered:
D:1:      lightli_arrival_lavapool, layout_basic,
          shapermc_ecumenical_altar_venn, minmay_misc_feat_diagonals,
          nicolae_kite_square_tiling_tiny, minmay_cupped
D:2:      layout_basic, basic_altar
D:3:      layout_loops_ring, tgw_sif, minivault_23, uniq_grinder, uniq_robin

Skill      XL: |  1  2  3 |
---------------+----------+-----
Ranged Weapons | 3 4 |  4.2
Fighting       | 2 |  2.5
Dodging        | |  2.1
Spellcasting   | |  1.0
Hexes          | |  2.0

Action                     || total
---------------------------++-------
   Fire: Sling             ||    85
    Use: Scroll            ||     4
 Armour: Robe              ||    13
  Dodge: Dodged            ||    28

Table legend:
 A = Non-vault XP
 B = Vault XP
 C = Vault XP percentage of total XP
 D = Non-vault monster count
 E = Vault monster count
 F = Vault count percentage of total count
                 A         B        C        D         E       F
            +---------+---------+-------+---------+---------+-------
      Total |      51 |      41 |  44.6 |      21 |       3 |  12.5
            +---------+---------+-------+---------+---------+-------
        D:1 |      14 |       4 |  22.2 |       9 |       2 |  18.2
        D:2 |      25 |       0 |   0.0 |       7 |       0 |   0.0
        D:3 |      12 |      37 |  75.5 |       5 |       1 |  16.7
            +---------+---------+-------+---------+---------+-------
